 Dungeon Crawl Stone Soup version 0.28-a0-1032-ga8db75c868 (webtiles) character file.

Game seed: 17280145778502584449

956 KyoPewz the Changer (level 7, 0/52 HPs)
             Began as a Red Draconian Transmuter on Dec 7, 2021.
             Succumbed to a water moccasin's poison
             ... on level 5 of the Dungeon.
             The game lasted 00:32:38 (6878 turns).

KyoPewz the Changer (Red Draconian Transmuter)      Turns: 6878, Time: 00:32:38

Health: 0/52       AC:  7    Str: 14    XL:     7   Next: 91%
Magic:  10/11      EV: 12    Int: 20    God:
Gold:   284        SH:  0    Dex: 11    Spells: 4/12 levels left

rFire   + . .      SeeInvis .     - Unarmed
rCold   . . .      Faith    .   (no shield)
rNeg    . . .      Spirit   .   (armour unavailable)
rPois   .          Reflect  .   i - +1 hat
rElec   .          Harm     .   (no cloak)
rCorr   +          Rampage  .   (no gloves)
Will    .....                   (no boots)
Stlth   +.........              (no amulet)
HPRegen 0.17/turn               r - ring of resist corrosion
MPRegen 0.12/turn               y - +6 ring of intelligence

@: mighty, brilliant, lethally poisoned (0 -> -3), wereblooded (expiring)
A: breathe fire, AC +6, unfitting armour, fire resistance 1, cold-blooded
a: Breathe Fire


You were on level 5 of the Dungeon.
You visited 2 branches of the dungeon, and saw 7 of its levels.

You collected 284 gold pieces.


Innate Abilities, Weirdness & Mutations

You can breathe blasts of fire.
Your fiery red scales are hard. (AC +6)
You cannot fit into any form of body armour.
Your flesh is heat resistant. (rF+)
You are cold-blooded and may be slowed by cold attacks.


   Skills:
 - Level 1.1 Fighting
 - Level 1.7 Dodging
 - Level 5.0 Unarmed Combat
 + Level 3.0 Spellcasting
 - Level 6.0 Transmutations
 - Level 4.0 Fire Magic
 - Level 3.0 Ice Magic


You had 4 spell levels left.
You knew the following spells:

 Your Spells              Type           Power      Damage    Failure   Level
a - Beastly Appendage     Tmut           80%        N/A       1%          1
b - Wereblood             Tmut           40%        N/A       1%          2
c - Ice Form              Ice/Tmut       31%        N/A       22%         4
d - Foxfire               Conj/Fire      64%        2x1d7     6%          1

Your spell library contained the following spells:

 Spells                   Type           Power      Damage    Failure   Level
 Ensorcelled Hibernation  Hex/Ice        26%        N/A       12%         2
 Spider Form              Tmut/Pois      22%        N/A       12%         3
 Animate Skeleton         Necr           8%         N/A       14%         1
 Conjure Flame            Conj/Fire      16%        6-21      19%         3
 Inner Flame              Hex/Fire       16%        N/A       19%         3
 Tukima's Dance           Hex            4%         N/A       38%         3
 Flame Wave               Conj/Fire      16%        2d5       52%         4

Inventory:

Hand Weapons
 n - a +3 dagger of freezing {short}
   (You took it off a kobold on level 3 of the Dungeon)
Missiles
 d - 123 stones {throwing}
 f - 52 bolts
 m - 34 poisoned darts {throwing}
Armour
 i - a +1 hat (worn)
   (You acquired it on level 5 of the Dungeon)
Jewellery
 q - a ring of fire
   (You found it on level 3 of the Dungeon)
 r - a ring of resist corrosion (left hand)
   (You found it on level 3 of the Dungeon)
 y - a +6 ring of intelligence (right hand)
   (You found it on level 6 of the Dungeon)
Wands
 w - a wand of charming (12)
   (You found it on level 6 of the Dungeon)
Scrolls
 a - a scroll of blinking {!r}
 g - a scroll of fog
 h - a scroll of teleportation {@r4}
 p - a scroll of vulnerability {!r!r}
 x - a scroll of immolation {!r!r}
Potions
 c - a potion of magic
 e - a potion of cancellation
 j - a potion of invisibility
 u - a potion of heal wounds {unknown}
 v - a potion of lignification {unknown}

Dungeon Overview and Level Annotations

Branches:
Dungeon (6/15)             Temple (1/1) D:4

Altars:
Ashenzari
Dithmenos
Elyvilon
Fedhas
Gozag
Hepliaklqana
Kikubaaqudgha
Makhleb
Okawaru
Qazlal
Ru
Sif Muna
Trog
Uskayaw
Vehumet
Wu Jian
Yredelemnul
Zin

Shops:
D:1 (

Annotations:
D:6 Maggie

#.## .... ..####### .
#. ........### . . #..#
#<#.## ...
#..####[.#.###### #.#
#.#####).##...###......
#.##
#....S@..##.#..#.######
... .#
#.######.##.#.#.## #
#.# .# #....).### #
#ยง##.## ####.###
......# . ####.###
##### ยง.##..####..
#......#####....
<...........
#.##.#....##....
...........
.................
)...#....
...#.#.#...........


You could see a water moccasin.


Message History

The black bear claws you but does no damage.
You closely miss the black bear.
You howl as the wereblood boils in your veins!
The black bear completely misses you.
The black bear claws you but does no damage. x2
You closely miss the black bear. Your kick misses the black bear.
You headbutt the black bear.
You howl as the wereblood boils in your veins!
Your horns disappear.
Your talons disappear.
Your +1 hat unmelds from your body.
You punch the black bear!
You howl as the wereblood boils in your veins!
The black bear bites you. The black bear misses you.
The black bear closely misses you. ๐Ÿ˜• HP[-3]
You take 3 damage, and now have 47/52 hp.
You hit the black bear. You tail-slap the black bear.
You feel a bit better.
You kill the black bear!
Training target 4.0 for Fire Magic reached!
Your Fire Magic skill increases to level 4!
You need to enable at least one skill for training.
Your Spellcasting skill increases to level 3! ๐Ÿ˜• HP[+1] Unknown command.
Okay, then.
You hit the water moccasin.
Your tail-slap misses the water moccasin.
The water moccasin bites you. x2
You are poisoned.
The water moccasin poisons you! ๐Ÿ˜• HP[-6]
You take 6 damage, and now have 42/52 hp.
You punch the water moccasin!
You feel very sick. The water moccasin bites you.
You are more poisoned.
The water moccasin poisons you! ๐Ÿ˜ฎ HP[-7]
You take 7 damage, and now have 35/52 hp.
You miss the water moccasin.
You feel very sick.
The water moccasin closely misses you. ๐Ÿ˜ฎ HP[-5]
You take 5 damage, and now have 30/52 hp.
You closely miss the water moccasin.
Your tail-slap misses the water moccasin.
You feel very sick.
The water moccasin completely misses you. ๐Ÿ˜จ HP[-5] MP[+1]
You take 5 damage, and now have 25/52 hp.
You hit the water moccasin.
You feel very sick.
The water moccasin bites you but does no damage.
The water moccasin bites you.
* * * LOW HITPOINT WARNING * * *
๐Ÿ˜จ HP[-5]
You take 5 damage, and now have 20/52 hp.
You miss the water moccasin. You tail-slap the water moccasin.
You howl as the wereblood boils in your veins!
You feel very sick. The water moccasin bites you.
* * * LOW HITPOINT WARNING * * *
๐Ÿ˜จ HP[-6]
You take 6 damage, and now have 14/52 hp.
You hit the water moccasin but do no damage.
You howl as the wereblood boils in your veins!
* * * LOW HITPOINT WARNING * * *
You feel very sick.
The water moccasin barely misses you. ๐Ÿ˜ฑ HP[-3]
You take 3 damage, and now have 11/52 hp.
You hit the water moccasin.
You feel sick. The water moccasin bites you.
* * * LOW HITPOINT WARNING * * *
๐Ÿ˜ฑ HP[-3]
You take 3 damage, and now have 8/52 hp.
Unknown command.
You closely miss the water moccasin.
* * * LOW HITPOINT WARNING * * *
You feel sick. The water moccasin bites you.
* * * LOW HITPOINT WARNING * * *
The water moccasin closely misses you. ๐Ÿ˜ฑ HP[-4]
You take 4 damage, and now have 4/52 hp.
You barely miss the water moccasin.
Your tail-slap misses the water moccasin.
Your primal bloodlust is almost over.
* * * LOW HITPOINT WARNING * * *
You feel sick.
The water moccasin bites you but does no damage. ๐Ÿ˜ฑ HP[-2]
You take 2 damage, and now have 2/52 hp.
It was a potion of brilliance.
You feel clever all of a sudden.
* * * LOW HITPOINT WARNING * * *
You feel sick.
The water moccasin closely misses you. ๐Ÿ˜ฑ HP[-1]
You take 1 damage, and now have 1/52 hp.
It was a potion of might.
You feel very mighty all of a sudden.
You die...

Skill      XL: |  1  2  3  4  5  6  7 |
---------------+----------------------+-----
Unarmed Combat | 4 5 |  5.0
Transmutations | 3 4 5 6 |  6.0
Ice Magic      | 2 1 3 |  3.0
Fire Magic     | 4 |  4.0
Spellcasting   | 3 |  3.0
Fighting       | |  1.1
Dodging        | |  1.7

Action                   |  1- 3 |  4- 6 |  7- 9 || total
-------------------------+-------+-------+-------++-------
Melee: Unarmed           |    86 |   251 |   101 ||   438
       Tailslap          |    10 |    33 |    11 ||    54
       Kick              |     7 |    26 |    16 ||    49
       Headbutt          |     2 |    10 |    12 ||    24
       Punch             |     1 |     2 |     4 ||     7
 Cast: Beastly Appendage |     7 |    17 |     7 ||    31
       Wereblood         |       |     3 |     6 ||     9
       Foxfire           |       |       |     3 ||     3
  Use: Scroll            |       |     1 |    14 ||    15
       Potion            |       |     2 |     2 ||     4
 Stab: Sleeping          |     1 |     1 |       ||     2
Armor: Skin              |    27 |    68 |    35 ||   130
Dodge: Dodged            |    64 |   129 |    62 ||   255

Levels and vault maps discovered:
D:1:      ebering_trefoil_twist, layout_loops_ring, serial_shops,
          nicolae_shop_bloodbath_and_beyond, chequers_serial_rivers_micro_a
D:2:      layout_basic, uniq_jessica
D:3:      layout_basic, minmay_circle_x
D:4:      layout_basic, grunt_temple_overflow_magic_moments,
          minmay_temple_entry_steel_oval
D:5:      layout_loops_cross, uniq_duvessa
D:6:      layout_loops_ring, lightli_orcish_oven, uniq_maggie
Temple:   regret_index_temple_generic_petals

Notes
Turn   | Place    | Note
-------+----------+-------------------------------------------
     0 | D:1      | KyoPewz the Draconian Transmuter began the quest for the
                  | Orb.
     0 | D:1      | Reached XP level 1. HP: 16/16 MP: 3/3
     0 | D:1      | magus.rc [v1.9.6]
   100 | D:1      | HP: 1/16 [kobold (5)]
   187 | D:1      | HP: 3/16 [kobold (2)]
   647 | D:1      | Reached XP level 2. HP: 23/23 MP: 5/5
   704 | D:1      | Found Vestapp's Weapon Shop.
  1091 | D:1      | Learned a level 2 spell: Wereblood
  1309 | D:2      | Reached XP level 3. HP: 28/28 MP: 2/6
  1463 | D:2      | Reached skill level 4 in Unarmed Combat
  1610 | D:2      | Noticed Jessica
  1618 | D:2      | Killed Jessica
  1619 | D:2      | Reached XP level 4. HP: 35/35 MP: 4/7
  1702 | D:2      | Reached skill level 3 in Transmutations
  2766 | D:3      | You pick up a book of Maledictions and begin reading...
  2766 | D:3      | You add the spells Ensorcelled Hibernation and Tukima's
                  | Dance to your library.
  2800 | D:3      | Learned a level 4 spell: Ice Form
  2958 | D:3      | You pick up a book of Flames and begin reading...
  2958 | D:3      | You add the spells Foxfire, Conjure Flame, Inner Flame and
                  | Flame Wave to your library.
  3124 | D:3      | Reached skill level 5 in Unarmed Combat
  3124 | D:3      | Reached XP level 5. HP: 40/40 MP: 6/8
  3463 | D:4      | Reached skill level 1 in Ice Magic
  3626 | D:4      | Found a staircase to the Ecumenical Temple.
  3633 | Temple   | Entered the Ecumenical Temple
  3875 | D:4      | Found an ancient bone altar of Kikubaaqudgha.
  3882 | D:4      | Found a shimmering blue altar of Sif Muna.
  3883 | D:4      | Found a radiant altar of Vehumet.
  3886 | D:4      | Got Kikubaaqudgha's Guide on Evil Arts
  3950 | D:4      | You fall into a shaft and drop 2 floors!
  4231 | D:6      | Reached skill level 4 in Transmutations
  4316 | D:6      | Reached skill level 2 in Ice Magic
  4316 | D:6      | Reached XP level 6. HP: 40/47 MP: 7/9
  4490 | D:6      | Reached skill level 5 in Transmutations
  4571 | D:6      | Noticed Maggie
  4586 | D:5      | Entered Level 5 of the Dungeon
  4878 | D:4      | HP: 9/47 [poisoned by a scorpion]
  4878 | D:4      | HP: 4/47 [scorpion (5)]
  4891 | D:4      | HP: 7/47 [scorpion (5)]
  4893 | D:4      | HP: 3/47 [scorpion (6)]
  4898 | D:4      | HP: 1/47 [poisoned by a scorpion]
  5734 | D:4      | Your scales start taking on a fiery red colour.
  5734 | D:4      | Reduced skill Ice Magic to level 1
  5734 | D:4      | Reached XP level 7. HP: 48/52 MP: 10/10
  5734 | D:4      | Gained mutation: Your flesh is heat resistant. (rF+) [Red
                  | Draconian growth]
  5826 | D:4      | Learned a level 1 spell: Foxfire
  5988 | D:5      | Identified a scroll of acquirement
  5988 | D:5      | Acquired a +1 hat
  6077 | D:5      | Reached skill level 6 in Transmutations
  6077 | D:5      | Reached skill level 2 in Ice Magic
  6353 | D:5      | Noticed a troll
  6375 | D:5      | HP: 9/52 [troll (15)]
  6424 | D:5      | HP: 12/52 [troll (6)]
  6763 | D:5      | Reached skill level 3 in Ice Magic
  6763 | D:5      | Reached skill level 1 in Fire Magic
  6790 | D:5      | Reached skill level 3 in Fire Magic
  6867 | D:5      | Reached skill level 4 in Fire Magic
  6867 | D:5      | Reached skill level 3 in Spellcasting
  6873 | D:5      | HP: 11/52 [poisoned by a water moccasin]
  6875 | D:5      | HP: 4/52 [water moccasin (3)]
  6877 | D:5      | HP: 1/52 [poisoned by a water moccasin]
  6878 | D:5      | Succumbed to a water moccasin's poison

Vanquished Creatures
  A black bear (D:5)
  2 ogres (D:5)
  A necrophage (D:6)
  A phantom (D:5)
  A scorpion (D:4)
  A water moccasin skeleton (D:6)
  3 hounds
  Jessica (D:2)
  4 orc wizards
  A hound skeleton (D:4)
  2 howler monkey zombies
  3 gnolls (D:5)
  5 adders
  A white imp (D:6)
  5 worms
  3 dart slugs
  11 orcs
  3 endoplasms
  3 giant cockroaches
  7 goblins
  9 hobgoblins
  A quokka (D:2)
  6 ball pythons
  7 bats
  2 frilled lizards (D:2)
  8 kobolds
  6 rats
98 creatures vanquished.

Vanquished Creatures (others)
  3 foxfires (D:5)
3 creatures vanquished.

Grand Total: 101 creatures vanquished

Table legend:
 A = Non-vault XP
 B = Vault XP
 C = Vault XP percentage of total XP
 D = Non-vault monster count
 E = Vault monster count
 F = Vault count percentage of total count
                 A         B        C        D         E       F
            +---------+---------+-------+---------+---------+-------
      Total |    1323 |      43 |   3.1 |      93 |       5 |   5.1
            +---------+---------+-------+---------+---------+-------
        D:1 |      25 |       0 |   0.0 |      16 |       0 |   0.0
        D:2 |      53 |      37 |  41.1 |      16 |       1 |   5.9
        D:3 |      92 |       6 |   6.1 |      23 |       4 |  14.8
        D:4 |     212 |       0 |   0.0 |      13 |       0 |   0.0
        D:5 |     633 |       0 |   0.0 |      18 |       0 |   0.0
        D:6 |     308 |       0 |   0.0 |       7 |       0 |   0.0
            +---------+---------+-------+---------+---------+-------

Illustrated notes

Table legend:
 A = Kills in this place as a percentage of kills in entire the game.
 B = Kills by you in this place as a percentage of kills by you in the entire game.
 C = Kills by friends in this place as a percentage of kills by friends in the entire game.
 D = Other kills in this place as a percentage of other kills in the entire game.
 E = Experience gained in this place as a percentage of experience gained in the entire game.
 F = Experience gained in this place divided by the number of levels of this place that you have seen.
                   A       B       C       D       E      F
               +-------+-------+-------+-------+-------+----------------------
         Total | 100.0 | 100.0 |   N/A |   N/A | 100.0 | 195.1
       Dungeon | 100.0 | 100.0 |   N/A |   N/A | 100.0 | 227.7
               +-------+-------+-------+-------+-------+----------------------

Table legend: (Time is in decaauts)
 A = Elapsed time spent in this place.
 B = Non-inter-level travel time spent in this place.
 C = Inter-level travel time spent in this place.
 D = Time resting spent in this place.
 E = Time spent auto-exploring this place.
 F = Levels seen in this place.
 G = Mean time per level.
                   A        B        C        D        E       F      G
               +--------+--------+--------+--------+--------+-----+--------+
         Total |   6848 |   6566 |    282 |   1578 |   3362 |   7 |  978.3 |
       Dungeon |   6621 |   6353 |    268 |   1578 |   3161 |   6 | 1103.5 |
        Temple |    226 |    212 |     14 |      0 |    201 |   1 |  226.0 |
               +--------+--------+--------+--------+--------+-----+--------+

Top non-repeatable levels by time:
     D:2: 1403 daAuts
     D:4: 1265 daAuts
     D:3: 1178 daAuts
     D:1: 1123 daAuts
     D:5: 1020 daAuts
     D:6: 631 daAuts
  Temple: 226 daAuts
